AoeStats
← alexandrovb27

Pilgrims

507545212Analyzed
3v3 RM · 15d ago on Sep 18, 2026· 17m 57s· 6 players
Game mode
Random Map
Map size
Normal (6 player)
Population
200
Speed
Normal
Resources
Standard
Victory
Conquest
Starting age
Dark Age
Ending age
Imperial Age
RankedLock teamsTeams togetherTeam positionsShared explorationLock speedFull tech treeHidden civsTurbo modeCheats
Victory
Defeat
🇩🇪 Britons · Germany
728
+11
700
+12
🇩🇪 Lithuanians · Germany
675
+14
🇫🇷 Teutons · France
637
-13
🇫🇷 Franks · France
622
-12
🇵🇪 Chinese · Peru
607
-12
ren68210
16:07 Feudal Age
Nashushamen
4:27 Loom
13:00 Feudal Age
14:20 Double-Bit Axe
alexandrovb27
6:05 Loom
15:13 Feudal Age
17:11 Wheelbarrow
16:23 Town Watch
Kurmelnator
8:45 Loom
13:55 Feudal Age
15:09 Double-Bit Axe
15:07 Horse Collar
16:03 Fletching
Tlaloc
9:10 Loom
14:12 Feudal Age
16:39 Man-at-Arms
18:21 Forging
19:12 Wheelbarrow
砍德沃.基尔邦硬.香达菲基
6:44 Loom
11:23 Feudal Age
16:03 Wheelbarrow
17:12 Bloodlines
19:58 Castle Age
Connection lost

Rejoining the realm…

Still unreachable

The connection could not be restored.

Session expired

The server has moved on; the page needs a fresh start.